 Dungeon Crawl Stone Soup version 0.28.0-53-g5a82cb258f (webtiles) character file.

Game seed: 5543639125092191292

170 funkygono the Bolt Thrower (level 5, -1/45 HPs)
             Began as a Minotaur Hunter on July 7, 2022.
             Was an Initiate of Okawaru.
             Slain by an ice beast (5 damage)
             ... on level 5 of the Dungeon.
             The game lasted 00:03:16 (1601 turns).

funkygono the Bolt Thrower (Minotaur Hunter)        Turns: 1601, Time: 00:03:17

Health: -1/45      AC:  3    Str: 18    XL:     5   Next: 26%
Magic:  4/4        EV: 11    Int:  8    God:    Okawaru [......]
Gold:   112        SH:  5    Dex: 11    Spells: 4/4 levels left

rFire   . . .      SeeInvis .   a - +0 short sword
rCold   . . .      Faith    .   q - +2 buckler
rNeg    . . .      Spirit   .   c - +0 leather armour
rPois   .          Reflect  .   (helmet restricted)
rElec   .          Harm     .   e - scarf {+Inv}
rCorr   .          Rampage  .   (no gloves)
Will    .....                   (no boots)
Stlth   +.........              i - amulet of regeneration
HPRegen 0.95/turn               (no ring)
MPRegen 0.09/turn               (no ring)

@: no status effects
A: horns 2, retaliatory headbutt
a: Renounce Religion, Evoke Invisibility


You were on level 5 of the Dungeon.
You worshipped Okawaru.
Okawaru was noncommittal.
You visited 1 branch of the dungeon, and saw 5 of its levels.

You collected 112 gold pieces.

Inventory:

Hand Weapons
 a - a +0 short sword (weapon)
 b - a +1 hand crossbow
 p - a +2 mace of holy wrath
Missiles
 d - 8 bolts
Armour
 c - a +0 leather armour (worn)
 e - a scarf of invisibility (worn)
 q - a +2 buckler (worn)
Jewellery
 g - an amulet of guardian spirit
 i - an amulet of regeneration (around neck)
Scrolls
 f - 3 scrolls of identify {unknown}
 j - a scroll of fear {unknown}
 r - a scroll of vulnerability {unknown}
Potions
 h - a potion of curing {unknown}
 k - a potion of heal wounds {unknown}
 l - a potion of cancellation {unknown}
 m - a potion of flight {unknown}
 n - a potion of resistance {unknown}
 o - a potion of haste {unknown}


   Skills:
 + Level 3.1 Fighting
 + Level 0.4 Short Blades
 + Level 6.6 Crossbows
 + Level 1.4 Armour
 + Level 2.3 Dodging
 + Level 0.9 Stealth


You had 4 spell levels left.
You didn't know any spells.
Your spell library contained the following spells:

 Spells                   Type           Power      Damage    Failure   Level
 Sublimation of Blood     Necr           0%         N/A       73%         2
 Wereblood                Tmut           0%         N/A       73%         2
 Summon Hydra             Summ           Unusable   N/A       N/A         7

Dungeon Overview and Level Annotations

Branches:
Dungeon (6/15)
 Temple: D:4-7

Altars:
Okawaru
Trog
Zin


Innate Abilities, Weirdness & Mutations

You have a pair of horns on your head.
You reflexively headbutt those who attack you in melee.


Message History

The ice beast is lightly wounded.
The ice beast misses you.
You hit the ice beast but do no damage.
The ice beast is lightly wounded.
The ice beast hits you but does no damage.
You hit the ice beast but do no damage.
The ice beast is lightly wounded.
You block the ice beast's attack.
Unknown command.
You hit the ice beast.
The ice beast is lightly wounded.
You block the ice beast's attack.
You hit the ice beast but do no damage.
The ice beast is lightly wounded.
The ice beast hits you but does no damage.
The ice beast hits you. The ice beast freezes you.
You hit the ice beast but do no damage.
The ice beast is lightly wounded.
The ice beast hits you. The ice beast freezes you!
You puncture the ice beast!
The ice beast is moderately wounded.
The ice beast hits you. The ice beast freezes you!
* * * LOW HITPOINT WARNING * * *
You hit the ice beast but do no damage. Your headbutt misses the ice beast.
The ice beast is moderately wounded.
The ice beast hits you but does no damage.
You hit the ice beast.
The ice beast is heavily wounded.
The ice beast hits you but does no damage.
Unknown command.
You hit the ice beast.
The ice beast is severely wounded.
The ice beast hits you. The ice beast freezes you!
* * * LOW HITPOINT WARNING * * *
You barely miss the ice beast.
The ice beast is severely wounded.
The ice beast hits you.
* * * LOW HITPOINT WARNING * * *
The ice beast freezes you.
You die...

...#.. .....#
.....##(....#
#.....#)....#
#...........
###.........#
#.[.(......)#.#
##............(
.......@Y......
...............
#...##.........
#.. ##........
# .........
#.$......
#.....>..
.........


You could see an ice beast.

Vanquished Creatures
  A centaur (D:5)
  An orc wizard (D:3)
  An adder (D:2)
  A worm (D:3)
  6 dart slugs (D:3)
  3 orcs
  A ball python (D:3)
  3 endoplasms (D:1)
  3 giant cockroaches (D:1)
  4 goblins (D:1)
  4 hobgoblins
  A kobold (D:3)
  A quokka (D:3)
  5 bats
  3 frilled lizards (D:1)
  3 rats
41 creatures vanquished.

Notes
Turn   | Place    | Note
-------+----------+-------------------------------------------
     0 | D:1      | funkygono the Minotaur Hunter began the quest for the Orb.
     0 | D:1      | Reached XP level 1. HP: 18/18 MP: 0/0
   265 | D:1      | Reached XP level 2. HP: 25/25 MP: 1/1
   303 | D:1      | Reached skill level 5 in Crossbows
   303 | D:1      | Found a faded altar of an unknown god.
   794 | D:2      | Found a bloodstained altar of Trog.
   815 | D:2      | Reached XP level 3. HP: 30/30 MP: 2/2
  1375 | D:3      | Reached skill level 6 in Crossbows
  1375 | D:3      | Reached XP level 4. HP: 37/37 MP: 3/3
  1518 | D:3      | Reached skill level 1 in Armour
  1537 | D:3      | You fall into a shaft and drop 3 floors!
  1537 | D:6      | Found an iron altar of Okawaru.
  1539 | D:6      | Became a worshipper of Warmaster Okawaru
  1544 | D:6      | Found a glowing silver altar of Zin.
  1571 | D:5      | Entered Level 5 of the Dungeon
  1571 | D:5      | Noticed a centaur
  1574 | D:5      | Killed a centaur
  1575 | D:5      | Reached XP level 5. HP: 45/45 MP: 4/4
  1583 | D:5      | Noticed an ice beast
  1601 | D:5      | Slain by an ice beast

Illustrated notes

Levels and vault maps discovered:
D:1:      lightli_arrival_windingriver, layout_basic,
          hellmonk_ecumenical_altar_arch_garden
D:2:      layout_loops_ring, basic_altar, due_unseen_surprise
D:3:      kennysheep_slugbush, layout_basic
D:5:      layout_cave_pools, lemuel_mausoleum_altar_yredelemnul,
          mainiacjoe_overflow_catch_the_wave, serial_shops,
          nicolae_shop_hallway_stairs, uniq_eustachio
D:6:      layout_gridville, amethyst_overflow_temple_binary, kennysheep_mini,
          uniq_blork_the_orc

Skill      XL: |  1  2  3  4 |
---------------+-------------+-----
Crossbows      | 5 6 |  6.6
Armour         | 1 |  1.4
Fighting       | 3 |  3.1
Short Blades   | |  0.4
Dodging        | |  2.3
Stealth        | |  0.9

Action                   |  1- 3 |  4- 6 || total
-------------------------+-------+-------++-------
Melee: Short sword       |    12 |    18 ||    30
       Headbutt          |     2 |     1 ||     3
 Fire: Hand crossbow     |    35 |    27 ||    62
Armor: Leather armour    |     4 |     6 ||    10
Dodge: Dodged            |     6 |     4 ||    10
Block: Buckler           |       |     4 ||     4
